 Dungeon Crawl Stone Soup version 0.27-a0-998-g4cfe56dd59 (webtiles) character file.

Game seed: 5427365428436435494

2110 pkoi the Carver (level 9, -2/78 HPs)
             Began as a Minotaur Gladiator on Apr 16, 2021.
             Was a Follower of Makhleb.
             Slain by a boulder beetle (42 damage)
             ... on level 6 of the Dungeon.
             The game lasted 00:07:15 (7896 turns).

pkoi the Carver (Minotaur Gladiator)                Turns: 7896, Time: 00:07:16

Health: -2/78      AC:  7    Str: 23    XL:     9   Next: 7%
Magic:  11/11      EV: 11    Int:  5    God:    Makhleb [*.....]
Gold:   198        SH:  5    Dex: 11    Spells: 8/8 levels left

rFire    + . .     SeeInvis .   a - +1 long sword
rCold    . . .     Faith    .   i - +2 buckler
rNeg     + . .     Spirit   .   b - +0 leather armour
rPois    .         Reflect  .   c - +1 hat
rElec    .         Harm     .   f - +0 cloak
rCorr    .         Rampage  .   y - +0 pair of gloves
Will     .....                  (no boots)
Stlth    +.........             (no amulet)
HPRegen  0.23/turn              s - ring of positive energy
MPRegen  0.12/turn              x - ring of protection from fire

@: no status effects
A: horns 2, retaliatory headbutt
a: Renounce Religion


You were on level 6 of the Dungeon.
You worshipped Makhleb.
Makhleb was aware of your devotion.
You visited 1 branch of the dungeon, and saw 6 of its levels.

You collected 198 gold pieces.

Inventory:

Hand Weapons
 a - a +1 long sword (weapon)
Missiles
 d - 3 throwing nets (quivered)
 u - 2 poisoned darts
 A - 5 atropa-tipped darts
Armour
 b - a +0 leather armour (worn)
 c - a +1 hat (worn)
 f - a +0 cloak (worn)
 i - a +2 buckler (worn)
 y - a +0 pair of gloves (worn)
Jewellery
 k - an amulet of guardian spirit
 s - a ring of positive energy (left hand)
 x - a ring of protection from fire (right hand)
 z - a ring of ice
 C - a ring of magical power
 D - an amulet of faith
Wands
 q - a wand of paralysis (9)
Scrolls
 j - 9 scrolls of identify
 l - a scroll of teleportation {unknown}
 v - a scroll of enchant armour
 B - 4 scrolls of noise
Potions
 e - 3 potions of invisibility {unknown}
 g - 2 potions of magic {unknown}
 h - a potion of might
 p - a potion of heal wounds
 r - 3 potions of brilliance {unknown}
 t - 2 potions of flight {unknown}
 w - 5 potions of curing {unknown}


   Skills:
 + Level 6.7 Fighting
 + Level 10.3 Long Blades
 - Level 2.0 Throwing
 + Level 6.1 Armour
 - Level 3.2 Dodging
 + Level 4.4 Invocations


You had 8 spell levels left.
You didn't know any spells.
Your spell library contained the following spells:

 Spells                   Type           Power      Damage    Failure   Level
 Corona                   Hex            0%         N/A       71%         1
 Ensorcelled Hibernation  Hex/Ice        0%         N/A       83%         2
 Passwall                 Tmut/Erth      0%         N/A       83%         2
 Searing Ray              Conj           0%         3d3       83%         2
 Slow                     Hex            0%         N/A       83%         2
 Confusing Touch          Hex            0%         N/A       97%         3
 Dazzling Flash           Conj/Hex       0%         N/A       97%         3
 Inner Flame              Hex/Fire       0%         N/A       97%         3
 Portal Projectile        Hex/Tloc       0%         N/A       97%         3
 Tukima's Dance           Hex            0%         N/A       97%         3
 Animate Armour           Summ/Erth      0%         N/A       100%        4
 Cause Fear               Hex            0%         N/A       100%        4
 Leda's Liquefaction      Hex/Erth       0%         N/A       100%        4
 Lee's Rapid Deconstruct  Erth           0%         3d5*      100%        5
 Spellforged Servitor     Conj/Summ      0%         N/A       100%        7


Dungeon Overview and Level Annotations

Branches:
Dungeon (6/15)
 Temple: D:4-7

Altars:
Kikubaaqudgha
Makhleb
Sif Muna
Uskayaw
Xom
Yredelemnul

Annotations:
D:4 1 runed translucent door


Innate Abilities, Weirdness & Mutations

You have a pair of horns on your head.
You reflexively headbutt those who attack you in melee.


Message History

The bullfrog skeleton is severely damaged.
The bullfrog skeleton hits you.
You hit the bullfrog skeleton.
Your headbutt misses the bullfrog skeleton.
The bullfrog skeleton is severely damaged.
The bullfrog skeleton closely misses you.
You furiously retaliate!
You headbutt the bullfrog skeleton!
You destroy the bullfrog skeleton!
Makhleb accepts your kill.
j - 9 scrolls of identify (gained 1)
A boulder beetle is nearby!
A boulder beetle is nearby!
A boulder beetle is nearby!
A boulder beetle is nearby!
The boulder beetle waves its antennae.
The boulder beetle curls into a ball and begins rolling!
The boulder beetle hits you.
The boulder beetle stops rolling and uncurls.
You hit the boulder beetle.
The boulder beetle is lightly wounded.
The centaur shoots an arrow.
The arrow hits you. The boulder beetle bites you!!
The centaur shoots an arrow.
The arrow closely misses you.
You hit the boulder beetle.
The boulder beetle is lightly wounded.
The centaur shoots an arrow.
You block the arrow.
The boulder beetle leaps!
The boulder beetle leaps!
The centaur shoots an arrow.
You block the arrow.
The centaur shoots an arrow.
The arrow hits you!
The boulder beetle curls into a ball and begins rolling!
You see here 16 arrows.
The centaur unwields a +0 shortbow.
The centaur barely misses you. You block the centaur's attack.
You hit the centaur.
The centaur is lightly wounded.
The centaur hits you but does no damage.
You block the centaur's attack. x2; The centaur closely misses you.
You hit the centaur.
The centaur is moderately wounded.
The boulder beetle hits you!!!
Ouch! That really hurt!
You die...

#.)##..##.##..............##.#
###..##..########.........##.#
#..##..#... #.........##..
########.#.####.......#.#...
.................###.#.
#.[...°...###### . .
##...°.##..### ##.B(........
####.c@.........#
##...?............
..................
..##............#. #
#..<.......... #.............
##............ ##.........
##########


You could see a boulder beetle (rolling) and a centaur.

Vanquished Creatures
  A komodo dragon (D:6)
  Eustachio (D:5)
  Menkaure (D:6)
  2 water moccasins (D:6)
  A sky beast (D:6)
  A black bear (D:4)
  A necrophage (D:6)
  2 ogres
  A scorpion (D:6)
  A centaur zombie (D:6)
  A bullfrog zombie (D:6)
  3 hounds
  A jelly (D:6)
  3 bullfrog skeletons (D:6)
  A gnoll shaman (D:6)
  A centaur skeleton (D:5)
  A human skeleton (D:4)
  An orc priest (D:3)
  Jessica (D:2)
  3 iguanas
  5 orc wizards
  A hound skeleton (D:5)
  4 gnolls (D:5)
  6 adders
  A white imp (D:5)
  An ufetubus (D:5)
  An adder skeleton (D:4)
  3 worms
  5 dart slugs
  11 orcs
  8 ball pythons
  6 endoplasms
  3 giant cockroaches
  8 goblins
  16 hobgoblins
  4 jackals (D:1)
  2 quokkas
  10 bats
  4 frilled lizards
  A jackal zombie (D:4)
  5 kobolds
  9 rats
142 creatures vanquished.

Notes
Turn   | Place    | Note
-------+----------+-------------------------------------------
     0 | D:1      | pkoi the Minotaur Gladiator began the quest for the Orb.
     0 | D:1      | Reached XP level 1. HP: 18/18 MP: 0/0
    27 | D:1      | Reached skill level 4 in Long Blades
   202 | D:1      | Reached XP level 2. HP: 25/25 MP: 1/1
   748 | D:1      | Reached skill level 5 in Long Blades
   933 | D:1      | Reached XP level 3. HP: 30/30 MP: 2/2
  1556 | D:2      | Noticed Jessica
  1764 | D:2      | Killed Jessica
  1765 | D:2      | Reached XP level 4. HP: 19/37 MP: 3/3
  1937 | D:2      | Reached skill level 6 in Long Blades
  1957 | D:2      | Found a faded altar of an unknown god.
  2467 | D:2      | Reached XP level 5. HP: 21/42 MP: 4/4
  2687 | D:3      | Reached skill level 7 in Long Blades
  2843 | D:3      | Noticed an orc warrior
  3652 | D:3      | Found a shimmering blue altar of Sif Muna.
  3948 | D:4      | Reached skill level 8 in Long Blades
  3948 | D:4      | Reached XP level 6. HP: 48/50 MP: 5/5
  3960 | D:4      | Found a hide-covered altar of Uskayaw.
  3970 | D:4      | Noticed a human
  3971 | D:4      | Found a runed translucent door.
  3975 | D:4      | Found a basalt altar of Yredelemnul.
  4133 | D:4      | Found an ancient bone altar of Kikubaaqudgha.
  4220 | D:4      | Reached skill level 1 in Armour
  4733 | D:4      | Identified Lehudib's Catalogue of Ashen Battle Magic
  4820 | D:4      | Found a burning altar of Makhleb.
  5243 | D:4      | Became a worshipper of Makhleb the Destroyer
  5293 | D:5      | Entered Level 5 of the Dungeon
  5325 | D:5      | Reached XP level 7. HP: 48/58 MP: 6/6
  5876 | D:5      | Reached skill level 1 in Invocations
  6134 | D:5      | Found a shimmering altar of Xom.
  6427 | D:6      | Noticed Eustachio
  6439 | D:6      | Reached skill level 9 in Long Blades
  6439 | D:6      | Noticed a boulder beetle
  6754 | D:6      | Reached skill level 5 in Fighting
  6754 | D:6      | Reached XP level 8. HP: 64/68 MP: 8/8
  6882 | D:6      | Noticed Menkaure
  7139 | D:5      | Killed Eustachio
  7139 | D:5      | Reached * piety under Makhleb
  7280 | D:6      | Upgraded the game from 0.27-a0-988-g25969acef8 to
                  | 0.27-a0-998-g4cfe56dd59
  7302 | D:6      | Killed Menkaure
  7303 | D:6      | Reached skill level 5 in Armour
  7593 | D:6      | Noticed a komodo dragon
  7603 | D:6      | Killed a komodo dragon
  7604 | D:6      | Reached skill level 10 in Long Blades
  7669 | D:6      | Reached XP level 9. HP: 78/78 MP: 11/11
  7896 | D:6      | Slain by a boulder beetle

Illustrated notes

Levels and vault maps discovered:
D:1:      elethiomel_arrival_infinity_welcomes_careful_drivers, layout_basic,
          serial_forest, infiniplex_forest_straight_2,
          infiniplex_forest_lined_room_2, infiniplex_forest_lined_room_2,
          infiniplex_forest_lined_3, infiniplex_forest_zigzag_1,
          infiniplex_forest_side_room, infiniplex_forest_lined_corner,
          infiniplex_forest_join, st_stairs_3
D:2:      layout_basic, hellmonk_ecumenical_altar_slurped_away, minivault_23,
          minivault_11, minmay_split_cup_large, uniq_jessica
D:3:      layout_basic, marbit_many_paths
D:4:      layout_gridville, dk_yredelemnul_ordeal, lemuel_tele_altar,
          overflow_temple_1_default, nicolae_kikubaaqudgha_miasma_corner,
          corner_web_ring
D:5:      layout_loops_ring, nicolae_overflow_crystal_walls
D:6:      minmay_chambers_of_fours, layout_rooms, minmay_temple_entry_slanted,
          uniq_menkaure, uniq_eustachio

Skill      XL: |  1  2  3  4  5  6  7  8  9 |
---------------+----------------------------+-----
Long Blades    | 4 5 6 8 9 10 | 10.3
Armour         | 2 4 5 6 |  6.1
Fighting       | 3 5 6 |  6.7
Invocations    | 2 4 |  4.4
Throwing       | |  2.0
Dodging        | |  3.2

Action                   |  1- 3 |  4- 6 |  7- 9 || total
-------------------------+-------+-------+-------++-------
Melee: Long sword        |    56 |   150 |   118 ||   324
       Headbutt          |    13 |    29 |    37 ||    79
Evoke: Wand              |       |       |     3 ||     3
  Use: Scroll            |       |       |    12 ||    12
 Stab: Paralysed         |       |       |     6 ||     6
Armor: Leather armour    |    15 |    33 |    25 ||    73
Dodge: Dodged            |    38 |    83 |    55 ||   176
Block: Buckler           |     3 |    41 |    36 ||    80
       Rpst.: Long sword |    11 |    22 |    20 ||    53

Table legend: (Time is in decaauts)
 A = Elapsed time spent in this place.
 B = Non-inter-level travel time spent in this place.
 C = Inter-level travel time spent in this place.
 D = Time resting spent in this place.
 E = Time spent auto-exploring this place.
 F = Levels seen in this place.
 G = Mean time per level.
                   A        B        C        D        E       F      G
               +--------+--------+--------+--------+--------+-----+--------+
         Total |   7930 |   7621 |    309 |   1754 |   4880 |   6 | 1321.7 |
       Dungeon |   7930 |   7621 |    309 |   1754 |   4880 |   6 | 1321.7 |
               +--------+--------+--------+--------+--------+-----+--------+

Top non-repeatable levels by time:
     D:1: 1722 daAuts
     D:5: 1544 daAuts
     D:4: 1354 daAuts
     D:2: 1175 daAuts
     D:3: 1070 daAuts
     D:6: 1063 daAuts
